 Dungeon Crawl Stone Soup version 0.30.1-9-gdf580d7c3d (webtiles) character file.

Game seed: 4564358473371095500

10609 Amplified the Protected (level 11, -12/72 HPs)
             Began as a Gargoyle Fighter on Oct 8, 2023.
             Was a Priest of Zin.
             Killed from afar by Fannar (38 damage)
             ... with a bolt of cold
             ... on level 11 of the Dungeon.
             The game lasted 00:14:03 (8140 turns).

Amplified the Protected (Gargoyle Fighter)          Turns: 8140, Time: 00:14:04

Health: -12/72     AC: 21    Str: 22    XL:     11   Next: 64%
Magic:  16/16      EV:  9    Int: 15    God:    Zin [***...]
Gold:   370        SH:  6    Dex: 11    Spells: 10/10 levels left

rFire   . . .        m - +10 morningstar "Eos" {elec, Halo rElec}
rCold   . . .        c - +0 buckler
rNeg    + . .        b - +1 scale mail
rPois   ∞            w - +2 hat {Will+}
rElec   +            (no cloak)
rCorr   +            d - +0 pair of gloves
SInv    .            (no boots)
Will    +....        j - amulet of faith Stlth
                     h - ring of resist corrosion
HPRegen 0.32/turn    u - +6 ring of intelligence
MPRegen 0.15/turn

%: faith
@: hasted, glowing, very quick
A: sickness immunity, AC +8, negative energy resistance 1, electricity
resistance, torment resistance 1, petrification resistance
a: Renounce Religion, Recite, Vitalisation, Imprison, Donate Gold


You were on level 11 of the Dungeon.
You worshipped Zin.
Zin was most pleased with you.
You visited 2 branches of the dungeon, and saw 11 of its levels.
You also visited: Ossuary.

You collected 411 gold pieces.
You donated 41 gold pieces to Zin.

Inventory:

Hand Weapons
 a - a +1 flail
 m - the +10 morningstar "Eos" (weapon) {elec, Halo rElec}
   (You acquired it in an ossuary)

   Halo:      It grants its wielder a halo, revealing invisible creatures and
   increasing accuracy against all within it other than the wielder.
   rElec:     It insulates you from electricity.
Armour
 b - a +1 scale mail (worn)
 c - a +0 buckler (worn)
 d - a +0 pair of gloves (worn)
 w - a +2 hat of willpower (worn)
Jewellery
 h - a ring of resist corrosion (left hand)
 j - an amulet of faith (around neck)
 u - a +6 ring of intelligence (right hand)
 B - an amulet of reflection
 C - a ring of fire
Wands
 r - a wand of mindburst (3)
 x - a wand of charming (8)
Scrolls
 f - 2 scrolls of immolation
 g - 2 scrolls of amnesia
 k - 3 scrolls of fear
 l - 8 scrolls of teleportation
 n - a scroll of fog
 p - a scroll of poison
 s - 2 scrolls of noise
 A - 3 scrolls of butterflies
 D - 2 scrolls of blinking
Potions
 e - 3 potions of degeneration
 i - 4 potions of curing
 o - a potion of magic
 q - 3 potions of lignification
 t - a potion of haste
 v - 2 potions of invisibility
 z - a potion of resistance
 E - a potion of cancellation {unknown}
 F - a potion of brilliance {unknown}
 G - a potion of attraction {unknown}


   Skills:
 * Level 9.9 Fighting
 * Level 8.7 Maces & Flails
 - Level 10.0 Armour
 * Level 0.0 Dodging
 * Level 9.9 Shields
 * Level 6.8 Invocations


You had 10 spell levels left.
You didn't know any spells.
Your spell library contained the following spells:

 Spells                   Type           Power      Damage    Failure   Level
 Blink                    Tloc           0%         N/A       71%         2
 Ensorcelled Hibernation  Hex/Ice        0%         N/A       71%         2
 Lesser Beckoning         Tloc           0%         N/A       71%         2
 Momentum Strike          Conj/Tloc      0%         3d8       71%         2
 Passwall                 Tmut/Erth      0%         N/A       71%         2
 Swiftness                Air            0%         N/A       90%         3


Dungeon Overview and Level Annotations

Branches:
Dungeon (11/15)            Temple (1/1) D:6            Lair (0/5) D:10
    Orc (0/2) D:11        Ossuary (visited)

Altars:
Ashenzari
Cheibriados
Dithmenos
Elyvilon
Fedhas
Gozag
Hepliaklqana
Kikubaaqudgha
Makhleb
Nemelex Xobeh
Okawaru
Qazlal
Ru
Sif Muna
Trog
Uskayaw
Vehumet
Wu Jian
Xom
Yredelemnul
Zin
The Shining One

Shops:
D:7 :

Annotations:
D:2 Terence
D:11 Fannar


Innate Abilities, Weirdness & Mutations

You are immune to sickness and miasma.
Your stone body is resilient. (AC +8)
You are immune to poison.
You resist negative energy. (rN+)
You are resistant to electric shocks. (rElec)
You are resistant to unholy torment.
You are immune to petrification.


Message History

An orc priest comes into view. It is wielding a +0 flail.
The orc priest shouts!
The orc priest calls down the wrath of Beogh upon you.
You easily resist.
You sock the orc!
You kill the orc!
The orc priest invokes the aid of Beogh against you.
Pain shoots through your body!
Found a staircase to the Orcish Mines.
Things that are here:
a +0 hand axe; an orc corpse The orc priest looks braver for a moment.
Unknown command.
The orc priest hits you but does no damage.
You impale the orc priest!!
You kill the orc priest!
Fannar shouts!
Fannar casts a spell.
Things that are here:
a +0 flail; an orc corpse Fannar gestures at you while chanting.
The bolt of cold hits you!!
Fannar is nearby!
Fannar mumbles some strange words.
Aiming: Fastroot
Press: ? - help, Shift-Dir - straight line, f - Fannar
Aim: Fannar, wielding a staff of cold and wearing a +1 robe of cold resistance The roots erupt in riotous growth!
Roots grab Fannar.
The now-empty wand crumbles to dust.
The grasping roots constrict Fannar.
Fannar struggles to escape constriction.
Unknown command.
You feel yourself speed up.
The grasping roots constrict Fannar!
The roots release their grip on Fannar.
Fannar casts a spell at you. The bolt of cold hits you!!
Fannar points at you and mumbles some strange words.
The bolt of cold hits you!!!
Ouch! That really hurt!
You die...

.....................
...##..........>......
###..##.......o.........
........................
........................
.......##...............
.......##....)...........
..........).##..........# ....
............##..@.##....##.....
..................##...........
...................e.........
########'.##...#..##Y...##.# #
.#.>.#.............#.......# #
.#...'.............#.......# #
.#...#.............#.......# #
###+##......)......#.......######
.#...#.....##)######.....)..)....


You could see Fannar, an ice beast (summoned) and an orc wizard.

Vanquished Creatures
  Erolcha (D:10)
  A two-headed ogre (D:11)
  A cyclops (D:11)
  A komodo dragon (D:10)
  A troll (D:10)
  2 hornets (D:9)
  3 shadows
  A human (D:11)
  A wyvern (D:10)
  24 yaks
  A steam dragon (D:9)
  3 vampire mosquitoes (D:11)
  A warg (D:11)
  2 acid dragons
  A water moccasin (D:6)
  A hornet zombie (Ossuary)
  3 orc warriors
  2 ice beasts (D:6)
  3 black bears
  2 centaurs
  2 kobold brigands
  A phantom (D:6)
  A bullfrog (D:6)
  Blork the orc (D:4)
  2 wyvern zombies (Ossuary)
  A water moccasin zombie (Ossuary)
  2 howler monkeys (D:9)
  3 centaur zombies (Ossuary)
  6 bullfrog zombies (Ossuary)
  6 hounds
  4 orc priests
  2 jellies (D:5)
  2 sleepcaps (D:5)
  2 iguanas
  12 orc wizards
  14 mummies (Ossuary)
  A howler monkey zombie (Ossuary)
  A gnoll (D:2)
  2 adders
  A shadow imp (D:6)
  2 white imps
  A worm (D:5)
  4 dart slugs
  31 orcs
  7 ball pythons
  7 bats
  4 endoplasms (D:4)
  2 giant cockroaches
  9 goblins
  5 hobgoblins
  4 jackals
  4 quokkas
  2 frilled lizards
  14 kobolds
  5 rats
222 creatures vanquished.

Vanquished Creatures (others)
  A bullfrog (D:10)
  An orc wizard (D:4)
2 creatures vanquished.

Grand Total: 224 creatures vanquished

Notes
Turn   | Place    | Note
-------+----------+-------------------------------------------
     0 | D:1      | Amplified the Gargoyle Fighter began the quest for the Orb.
     0 | D:1      | Reached XP level 1. HP: 14/14 MP: 1/1
   128 | D:1      | Reached XP level 2. HP: 17/19 MP: 2/2
   328 | D:1      | Reached XP level 3. HP: 23/23 MP: 3/3
  1157 | D:2      | Noticed Terence
  1521 | D:3      | Reached XP level 4. HP: 29/29 MP: 4/4
  1868 | D:3      | Reached skill level 4 in Armour
  2099 | D:4      | Reached XP level 5. HP: 27/33 MP: 5/5
  2445 | D:4      | Noticed Blork the orc
  2466 | D:4      | Killed Blork the orc
  2467 | D:4      | Reached XP level 6. HP: 27/39 MP: 6/6
  2785 | D:5      | Entered Level 5 of the Dungeon
  2830 | D:5      | Noticed a black bear
  2840 | D:5      | Killed a black bear
  2841 | D:5      | Reached skill level 5 in Shields
  3154 | D:5      | Found a sand-covered staircase.
  3161 | Ossuary  | Entered an ossuary
  3206 | Ossuary  | Reached skill level 5 in Fighting
  3253 | Ossuary  | Reached skill level 5 in Armour
  3253 | Ossuary  | Reached XP level 7. HP: 40/44 MP: 7/7
  3262 | Ossuary  | Identified a scroll of acquirement
  3262 | Ossuary  | Acquired the +10 morningstar "Eos" {elec, Halo rElec}
  3262 | Ossuary  | Found the +10 morningstar "Eos" {elec, Halo rElec}
  3360 | Ossuary  | Reached XP level 8. HP: 40/51 MP: 8/8
  3415 | Ossuary  | Reached skill level 6 in Armour
  3426 | Ossuary  | Reached skill level 5 in Maces & Flails
  4335 | D:6      | Reached XP level 9. HP: 43/56 MP: 9/9
  4421 | D:6      | Found a staircase to the Ecumenical Temple.
  4494 | D:6      | Reached skill level 7 in Armour
  4539 | Temple   | Entered the Ecumenical Temple
  4557 | Temple   | Became a worshipper of Zin the Law-Giver
  4557 | Temple   | Reached * piety under Zin
  4557 | Temple   | Reached ** piety under Zin
  4727 | D:6      | Reached skill level 1 in Invocations
  5048 | D:6      | Identified the staff of death "Wevuowuf" {rN+ Will+ Dex+2}
  5262 | D:7      | Found Iqohob's Tremendous Tomes.
  5379 | D:7      | You fall into a shaft and drop 2 floors!
  5403 | D:9      | Reached skill level 8 in Armour
  5403 | D:9      | Reached XP level 10. HP: 49/64 MP: 12/12
  6324 | D:10     | Entered Level 10 of the Dungeon
  6330 | D:10     | Reached skill level 5 in Invocations
  6434 | D:10     | Reached *** piety under Zin
  6560 | D:10     | Reached skill level 9 in Armour
  7069 | D:10     | Found a shimmering blue altar of Sif Muna.
  7102 | D:10     | Found a hide-covered altar of Uskayaw.
  7102 | D:10     | Found an ancient bone altar of Kikubaaqudgha.
  7103 | D:10     | Found a bloodstained altar of Trog.
  7104 | D:10     | Found a stormy altar of Qazlal.
  7266 | D:10     | Noticed Erolcha
  7276 | D:10     | Killed Erolcha
  7277 | D:10     | Reached XP level 11. HP: 41/71 MP: 12/15
  7466 | D:10     | Found a staircase to the Lair.
  7878 | D:11     | Noticed a cyclops
  7883 | D:11     | Killed a cyclops
  7940 | D:11     | Noticed Fannar
  7997 | D:11     | Noticed a two-headed ogre
  8004 | D:11     | Killed a two-headed ogre
  8107 | D:11     | Reached skill level 10 in Armour
  8131 | D:11     | Found a staircase to the Orcish Mines.
  8140 | D:11     | Killed from afar by Fannar

Illustrated notes

Levels and vault maps discovered:
D:1:      roderic_chinese_lattice_arrival, layout_loops_corners,
          minmay_misc_feat_cross, minmay_tetromino_s4
D:2:      layout_loops_corners, minmay_misc_feat_enclosed, uniq_terence
D:3:      layout_loops_cross
D:4:      layout_rooms, hangedman_decor_points, dk_noncrumbling_4,
          uniq_blork_the_orc
D:5:      layout_basic, nicolae_ossuary_entry_monument,
          ebering_dispersal_statue_hall, hellmonk_no_cap
D:6:      minmay_chambers_of_fours, layout_loops_ring,
          minmay_temple_entry_proselytizer
D:7:      layout_cave_pods, serial_shops, nicolae_shop_tiny_waterfront,
          nicolae_inconvenience_store, shop, nicolae_shop_i_like_big_books,
          uniq_pikel
D:9:      layout_rooms, serial_curves, eino_curves_02, eino_curves_01,
          eino_curves_03, kennysheep_decorative_pillar
D:10:     layout_roguey, minitemple, grunt_lair_entry_orc_guard_hut,
          uniq_erolcha
D:11:     layout_grid_maze, erik_orc_4, chequers_serial_rivers_micro_e,
          uniq_harold, uniq_fannar
Temple:   sentei_temple_godly_chess

Skill      XL: |  1  2  3  4  5  6  7  8  9 10 11 |
---------------+----------------------------------+-----
Shields        | 4 5 6 8 9 |  9.9
Fighting       | 4 5 6 8 9 |  9.9
Armour         | 4 5 6 8 9 10 | 10.0
Maces & Flails | 3 4 5 6 8 |  8.7
Invocations    | 3 5 6 |  6.8

Action                     |  1- 3 |  4- 6 |  7- 9 | 10-12 || total
---------------------------+-------+-------+-------+-------++-------
  Melee: Flail             |   115 |   223 |     7 |       ||   345
         Morningstar       |       |       |   161 |   201 ||   362
 Invoke: Vitalisation      |       |       |     1 |     1 ||     2
         Recite            |       |       |       |     1 ||     1
  Evoke: Wand              |       |       |     1 |     7 ||     8
    Use: Scroll            |     4 |     7 |     5 |     5 ||    21
         Potion            |     1 |     6 |     1 |     4 ||    12
   Stab: Invisible         |       |     2 |       |       ||     2
 Armour: Scale mail        |    58 |   117 |   103 |   111 ||   389
         Skin              |       |    28 |       |       ||    28
  Dodge: Dodged            |    76 |    85 |    57 |    64 ||   282
  Block: Buckler           |    27 |    41 |    40 |    48 ||   156
